 Dungeon Crawl Stone Soup version 0.21.1-1-g345015f (webtiles) character file.

91 daodarkstar the Skirmisher (level 4, -5/36 HPs)
             Began as a Demonspawn Fighter on Apr 3, 2018.
             Slain by Sigmund
             ... wielding a +0 scythe
              (8 damage)
             ... on level 2 of the Dungeon.
             The game lasted 00:02:22 (1582 turns).

daodarkstar the Skirmisher (Demonspawn Fighter)     Turns: 1582, Time: 00:02:24

Health: -5/36      AC:  7    Str: 17    XL:     4   Next: 33%
Magic:  4/4        EV:  7    Int:  9    God:
Gold:   117        SH:  9    Dex: 13    Spells: 3/3 levels left

rFire    + . .     SeeInvis .   p - +1 whip (elec)
rCold    . . .     Gourm    .   c - +0 shield
rNeg     . . .     Faith    .   b - +0 scale mail
rPois    .         Spirit   .   (no helmet)
rElec    .         Reflect  .   (no cloak)
rCorr    .         Harm     .   (no gloves)
MR       .....                  (no boots)
Stlth    ..........             (no amulet)
HPRegen  0.12/turn              (no ring)
MPRegen  0.09/turn              (no ring)

@: no status effects
A: rugged brown scales 1, fire resistance 1, flame cloud immunity
a: no special abilities


You were on level 2 of the Dungeon.
You were not hungry.

You visited 1 branch of the dungeon, and saw 2 of its levels.

You collected 117 gold pieces.

Inventory:

Hand Weapons
 a - a +0 war axe
 p - a +1 whip of electrocution (weapon)
Armour
 b - a +0 scale mail (worn)
 c - a +0 shield (worn)
Scrolls
 e - a scroll of magic mapping {unknown}
 i - a scroll of remove curse {unknown}
 m - 2 scrolls of teleportation {unknown}
 q - a scroll of fog {unknown}
 r - a scroll of identify {unknown}
 s - a scroll of amnesia {unknown}
Potions
 d - a potion of might
 h - a potion of degeneration {unknown}
 j - a potion of haste
 k - a potion of resistance {unknown}
 l - a potion of cancellation
 n - a potion of brilliance {unknown}
 o - a potion of flight {unknown}
Comestibles
 f - 4 rations
 t - 5 chunks of flesh


   Skills:
 + Level 3.3 Fighting
 + Level 3.0 Axes
 * Level 0.4(1.9) Maces & Flails
 + Level 3.1 Armour
 + Level 0.4 Dodging
 + Level 3.1 Shields


You had 3 spell levels left.
You didn't know any spells.

Dungeon Overview and Level Annotations

Branches:
Dungeon (2/15)

Altars:

Annotations:
D:2 Sigmund


Innate Abilities, Weirdness & Mutations

You are partially covered in rugged brown scales. (AC +1, +3% HP)
Your flesh is heat resistant. (rF+)
You are immune to clouds of flame.


Message History

You feel better. Something hits you but does no damage.
You closely miss something.
You hear some strange, mumbled words.
A puff of flame appears from out of thin air!
The puff of flame misses you.
You miss something. Something hits you.
You barely miss something.
You hear some strange, mumbled words.
You are confused.
You hear some strange, mumbled words.
Something tries to affect you, but you resist.
Something hits you!
* * * LOW HITPOINT WARNING * * *
It was a potion of haste.
You feel yourself speed up.
It was a potion of cancellation.
Your magical effects are unravelling.
You feel magically purged.
You feel yourself slow down.
You feel less confused. Something hits you!
You die...

############### #.# #..#
#.# #..# #.# #..# #.#
#..# #.# #..# #.# #..#
######.# #..# ##########
#...##.# #..##
#.....=.@###...##.###....
#..........#...##....#.##
#.....{..#.#...#####.#.#
#........#.#...#####.#.#
#........#.'...'.....#.#
#........###...#######.#
#........# #...# #.#
#........# #...# #.#
#........# #...# #.#


There were no monsters in sight!

Vanquished Creatures
  4 adders (D:2)
  An ooze (D:1)
  2 worms (D:2)
  3 bats
  3 giant cockroaches
  5 goblins
  6 hobgoblins
  7 jackals
  A quokka (D:2)
  2 frilled lizards (D:1)
  6 kobolds
  3 rats
43 creatures vanquished.

Notes
Turn   | Place    | Note
-------+----------+-------------------------------------------
     0 | D:1      | daodarkstar the Demonspawn Fighter began the quest for the Orb.
     0 | D:1      | Reached XP level 1. HP: 18/18 MP: 1/1
    98 | D:1      | Gained mutation: Your flesh is heat resistant. (rF+) [demonic ancestry]
    98 | D:1      | Reached XP level 2. HP: 23/24 MP: 2/2
   656 | D:2      | Gained mutation: You are immune to clouds of flame. [demonic ancestry]
   656 | D:2      | Reached XP level 3. HP: 26/29 MP: 3/3
  1317 | D:2      | Gained mutation: You are partially covered in rugged brown scales. (AC +1, +3% HP) [demonic ancestry]
  1317 | D:2      | Reached XP level 4. HP: 29/36 MP: 4/4
  1550 | D:2      | Noticed Sigmund
  1582 | D:2      | Slain by Sigmund

Skill      XL: |  1  2  3  4 |
---------------+-------------+-----
Axes           | 2 3 |  3.0
Armour         | 3 |  3.1
Shields        | 3 |  3.1
Fighting       | |  3.3
Maces & Flails | |  0.4
Dodging        | |  0.4

Action                   |  1- 3 |  4- 6 || total
-------------------------+-------+-------++-------
Melee: War axe           |    90 |       ||    90
       Whip              |    17 |    46 ||    63
  Use: Potion            |       |     5 ||     5
  Eat: Chunk             |     1 |     1 ||     2
Armor: Scale mail        |    58 |    20 ||    78
Dodge: Dodged            |    38 |    19 ||    57
Block: Shield            |    60 |    19 ||    79
